 Dungeon Crawl Stone Soup version 0.20-a0-869-gcf33cab (webtiles) character file.

363 AlphabetPasta the Ruffian (level 6, -2/48 HPs)
             Began as a Demigod Transmuter on Mar 13, 2017.
             Slain by BrendanD's ghost (13 damage)
             ... on level 4 of the Dungeon.
             The game lasted 00:20:13 (3746 turns).

AlphabetPasta the Ruffian (Demigod Transmuter)      Turns: 3746, Time: 00:20:14

Health: -2/48      AC:  9    Str: 17      XL:     6   Next: 15%
Magic:  11/12      EV: 13    Int: 16 (17) God:
Gold:   227        SH:  0    Dex: 18      Spells: 4/10 levels left

rFire    . . .     SeeInvis .     - Unarmed
rCold    . . .     Gourm    .   b - +1 robe
rNeg     . . .     Faith    .   (no shield)
rPois    +         Spirit   .   (no helmet)
rElec    .         Reflect  .   m - +2 cloak
rCorr    .         Harm     .   (no gloves)
MR       .....                  l - +2 pair of boots
Stlth    ++........             (no amulet)
Regen    0.2/turn               (no ring)
MPRegen  0.2/turn               (no ring)

@: appendage
A: horns 2, agile 1, high mp 1, poison resistance, MP-powered wands
a: End Transformation


You were on level 4 of the Dungeon.
You were not hungry.
You had grown temporary horns.
You visited 1 branch of the dungeon, and saw 4 of its levels.

You collected 227 gold pieces.

Inventory:

Hand Weapons
 o - a +0 arbalest
Missiles
 a - 71 arrows
 e - 17 bolts
Armour
 b - a +1 robe (worn)
 i - a +2 helmet of see invisible
 k - a +0 helmet
 l - a +2 pair of boots (worn)
 m - a +2 cloak (worn)
 q - a +1 cloak
Wands
 n - a wand of digging (23/24)
Scrolls
 f - a scroll of magic mapping
 h - 4 scrolls of teleportation
Potions
 p - a potion of haste
Books
 c - a book of Changes

   Spells                             Type                      Level
   a - Beastly Appendage              Transmutation                1
   b - Sticks to Snakes               Transmutation                2
   c - Spider Form                    Transmutation/Poison         3
   d - Ice Form                       Ice/Transmutation            4
   e - Blade Hands                    Transmutation                5
Comestibles
 d - 2 bread rations
 g - 4 meat rations


   Skills:
 + Level 1.6 Fighting
 * Level 2.0 Crossbows
 + Level 2.4 Dodging
 * Level 4.0 Unarmed Combat
 + Level 2.5 Spellcasting
 * Level 3.5 Transmutations
 - Level 1.0 Evocations


You had 4 spell levels left.
You knew the following spells:

 Your Spells              Type           Power        Failure   Level  Hunger
a - Beastly Appendage     Tmut           ##....       6%          1    #......
b - Sticks to Snakes      Tmut           ##......     10%         2    ##.....
c - Spider Form           Tmut/Pois      #.........   34%         3    ###....


Dungeon Overview and Level Annotations

Branches:
Dungeon (4/15)             Temple (0/1) D:4

Annotations:
D:4 BrendanD's ghost, amateur DrBe


Innate Abilities, Weirdness & Mutations

You have an increased reservoir of magic. (+10% MP)
You have a pair of horns on your head.
You are agile. (Dex +2)
Your system is resistant to poisons. (rPois)
You expend magic power (3 MP) to strengthen your wands.


Message History

Your headbutt misses BrendanD's ghost.
BrendanD's ghost is almost destroyed.
BrendanD's ghost hits you!
Your ball python bites BrendanD's ghost.
You hit BrendanD's ghost but do no damage.
Your punch misses BrendanD's ghost.
BrendanD's ghost is almost destroyed.
BrendanD's ghost hits you.
* * * LOW HITPOINT WARNING * * *
Your ball python bites BrendanD's ghost but does no damage.
Okay, then.
You hit BrendanD's ghost.
BrendanD's ghost is almost destroyed.
BrendanD's ghost misses you.
Your ball python bites BrendanD's ghost but does no damage.
You closely miss BrendanD's ghost.
BrendanD's ghost is almost destroyed.
BrendanD's ghost screams, "I'll kill anyone who wants the ORB!"
BrendanD's ghost hits you!
You die...

........# #..#.# ....(##.# #..#.#
#.....#.# #..#.# #.......###..#.#
## .............#'##### .[#
..[[....###........# #.## ##+###
........# #........###..# #.....
##......# ##.....S......## #.....
##......####....@W.......# #.....
.......................#.# #.....
##...#######...........#.#+#.....
.....#######...###.....#.........
...........#...###.....#.........
##...#######................#'###
##.........#..####.#####....#.#
.......................##...#.#
###..###.......###.######...#.#


You could see BrendanD's ghost and a friendly ball python.

Vanquished Creatures
  A big kobold (D:3)
  A crimson imp (D:2)
  A bullfrog skeleton (D:4)
  A centaur skeleton (D:4)
  3 worker ants (D:4)
  5 adders
  An ooze (D:4)
  2 worms
  2 dart slugs
  3 leopard geckos
  2 orcs (D:3)
  7 bats
  7 giant cockroaches
  10 goblins
  4 hobgoblins
  3 quokkas
  2 ball pythons
  8 frilled lizards
  14 kobolds
  7 rats
84 creatures vanquished.

Notes
Turn   | Place    | Note
-------+----------+-------------------------------------------
     0 | D:1      | AlphabetPasta the Demigod Transmuter began the quest for the Orb.
     0 | D:1      | Reached XP level 1. HP: 15/15 MP: 5/5
    78 | D:1      | Reached skill level 1 in Fighting
   407 | D:1      | Reached XP level 2. HP: 18/23 MP: 5/7
   422 | D:1      | Learned a level 2 spell: Sticks to Snakes
   776 | D:1      | Reached skill level 3 in Unarmed Combat
  1470 | D:2      | Found a stormy altar of Qazlal.
  1649 | D:2      | Reached XP level 3. HP: 25/28 MP: 6/8
  1879 | D:2      | Found an iron altar of Okawaru.
  2115 | D:2      | Gained mutation: Your system is resistant to poisons. (rPois) [potion of mutation]
  2115 | D:2      | Gained mutation: You expend magic power (3 MP) to strengthen your wands. [potion of mutation]
  2115 | D:2      | Gained mutation: You are agile. (Dex +2) [potion of mutation]
  2387 | D:3      | Learned a level 2 spell: Sticks to Snakes
  2391 | D:3      | Learned a level 3 spell: Spider Form
  2391 | D:3      | Found a shadowy altar of Dithmenos.
  2443 | D:3      | Reached XP level 4. HP: 29/35 MP: 6/9
  2452 | D:3      | Found a sacrificial altar of Ru.
  2944 | D:3      | Noticed a big kobold
  2959 | D:3      | Killed a big kobold
  2959 | D:3      | Reached skill level 1 in Crossbows
  2959 | D:3      | Reached XP level 5. HP: 32/40 MP: 9/11
  3225 | D:4      | Found a staircase to the Ecumenical Temple.
  3234 | D:4      | Reached skill level 1 in Evocations
  3470 | D:4      | Reached XP level 6. HP: 39/48 MP: 12/12
  3661 | D:4      | Reached skill level 4 in Unarmed Combat
  3716 | D:4      | Noticed BrendanD's ghost (amateur DrBe)
  3746 | D:4      | Slain by BrendanD's ghost

Vault maps used:
D:1:      dpeg_arrival_tiny_k, minmay_misc_feat_cross
D:2:      overflow_temple_1_default, okawaru_trees_2
D:3:      cheibrodos_thug_alley, hangedman_ru_absence, grunt_dithmenos_smoke
D:4:      minmay_temple_entry_hall, first_bread

Skill      XL: |  1  2  3  4  5  6 |
---------------+-------------------+-----
Fighting       | 1 |  1.6
Transmutations | 2 3 |  3.5
Unarmed Combat | 3 4 |  4.0
Dodging        | 2 |  2.4
Spellcasting   | 2 |  2.5
Crossbows      | 1 2 |  2.0
Evocations     | 1 |  1.0

Action                   |  1- 3 |  4- 6 || total
-------------------------+-------+-------++-------
Melee: Unarmed           |   203 |   186 ||   389
       Kick              |    22 |     1 ||    23
       Headbutt          |     6 |    37 ||    43
       Punch             |     3 |     3 ||     6
 Cast: Beastly Appendage |    23 |    18 ||    41
       Sticks to Snakes  |       |     1 ||     1
  Use: Scroll            |     6 |     5 ||    11
       Potion            |     3 |       ||     3
 Stab: Sleeping          |     4 |     4 ||     8
       Distracted        |     1 |       ||     1
  Eat: Chunk             |     5 |     3 ||     8
       Royal jelly       |       |     1 ||     1
Armor: Robe              |    42 |    50 ||    92
Dodge: Dodged            |   113 |   111 ||   224
